 Dungeon Crawl Stone Soup version 0.30-a0-141-g30f27751c5 (webtiles) character file.

Game seed: 14761465285928946674

40 qw the Shield-Bearer (level 3, -2/23 HPs)
             Began as a Gargoyle Fighter on Sept 25, 2022.
             Slain by a gnoll
             ... wielding a +0 halberd
              (9 damage)
             ... on level 3 of the Dungeon.
             The game lasted 00:00:34 (1838 turns).

qw the Shield-Bearer (Gargoyle Fighter)             Turns: 1838, Time: 00:00:34

Health: -2/23      AC: 11    Str: 21    XL:     3   Next: 50%
Magic:  3/3        EV:  8    Int:  8    God:
Gold:   53         SH:  9    Dex:  9    Spells: 2/2 levels left

rFire   . . .      SeeInvis .    Y - +0 war axe
rCold   . . .      Faith    .    m - +1 kite shield {rPois}
rNeg    + . .      Spirit   .    b - +0 scale mail
rPois   inf        Reflect  .    (no helmet)
rElec   +          Harm     .    (no cloak)
rCorr   .          Rampage  .    g - +0 pair of gloves
Will    .....                    (no boots)
Stlth   ..........               (no amulet)
HPRegen 0.07/turn                (no ring)
MPRegen 0.08/turn                (no ring)

@: no status effects
A: sickness immunity, AC +3, negative energy resistance 1, electricity
resistance, torment resistance 1, petrification resistance
a: no special abilities


You were on level 3 of the Dungeon.
You visited 1 branch of the dungeon, and saw 3 of its levels.

You collected 105 gold pieces.
You spent 52 gold pieces at shops.


Innate Abilities, Weirdness & Mutations

You are immune to sickness and miasma.
Your stone body is resilient. (AC +3)
You are immune to poison.
You resist negative energy. (rN+)
You are resistant to electric shocks. (rElec)
You are resistant to unholy torment.
You are immune to petrification.


   Skills:
 - Level 3.2 Fighting
 - Level 3.2 Axes
 - Level 3.2 Armour
 + Level 3.5 Shields


You had 2 spell levels left.
You didn't know any spells.
Your spell library was empty.

Inventory:

Hand Weapons
 f - a +0 club
 Y - a +0 war axe (weapon)
Missiles
 h - 3 boomerangs (quivered)
Armour
 b - a +0 scale mail (worn)
 g - a +0 pair of gloves (worn)
 m - a +1 kite shield of poison resistance (worn)
Scrolls
 a - a scroll of teleportation
 e - a scroll of identify
 j - a scroll of enchant armour {unknown}
Potions
 c - a potion of curing {unknown}
 d - a potion of might
 i - 2 potions of attraction {unknown}
 l - a potion of resistance

Dungeon Overview and Level Annotations

Branches:
Dungeon (3/15)

Altars:
Nemelex Xobeh

Shops:
D:2 ?


Message History

An endoplasm comes into view.
The endoplasm quivers.
Enter note:
Enter note:
Enter note: Throw: 3 boomerangs
Press: ? - help, Q - select action Shift-Dir - straight line, f - endoplasm You throw a boomerang.
The boomerang hits the endoplasm.
The endoplasm is heavily wounded.
Throw: 3 boomerangs
Press: ? - help, Q - select action Shift-Dir - straight line, f/p - endoplasm You throw a boomerang.
The boomerang hits the endoplasm.
The endoplasm is severely wounded.
You slash the endoplasm!
You kill the endoplasm!
Found a robe.
The gnoll shouts!
You now have 53 gold pieces (gained 5).
The gnoll shouts!
j - a scroll labelled BECEXI WEAMOO A jackal comes into view.
The jackal barks!
You hear a bark!
A gnoll comes into view. It is wielding a +0 halberd.
A jackal comes into view.
The jackal barks!
The gnoll shouts!
You barely miss the jackal. You block the jackal's attack.
The jackal bites you but does no damage.
The gnoll barely misses you.
You hit the jackal.
You kill the jackal!
The gnoll hits you from afar with a +0 halberd!
You miss the jackal.
The jackal bites you but does no damage.
You block the gnoll's attack. The jackal barely misses you.
The gnoll hits you from afar with a +0 halberd.
You miss the jackal. You block the jackal's attack. The jackal bites you.
The gnoll hits you from afar with a +0 halberd!
You die...

~~~...[# #+###~~P...#
###########...#~~....#
..........#gg.#~~....#
~~~~~~~~~~#####~~....# #
~~~~~~~~~~~~~~~~~....##.
~~~~~~~~~~~~~~~~~....#..
.....gh@.......P.....#..
.#######.........###....
#####............
..........##....
##.##.....#.....
#..............#
#.................
.#.....## #..
...........##..##.
........###...
##.........#...##.


You could see a gnoll and a jackal.

Vanquished Creatures
  An adder (D:2)
  A worm (D:2)
  3 endoplasms
  A goblin (D:1)
  4 hobgoblins
  A jackal (D:3)
  A kobold (D:1)
  A quokka (D:2)
  5 ball pythons
  5 bats
  A frilled lizard (D:2)
  4 rats
28 creatures vanquished.

Notes
Turn   | Place    | Note
-------+----------+-------------------------------------------
     0 | D:1      | qw the Gargoyle Fighter began the quest for the Orb.
     0 | D:1      | Reached XP level 1. HP: 14/14 MP: 1/1
     0 | D:1      | 0 ||| qw: Version: 0.2-a-10-g399e6c4
     0 | D:1      | 0 ||| qw: Game counter: 302
     0 | D:1      | 0 ||| qw: Always use a shield: true
     0 | D:1      | 0 ||| qw: God list: Okawaru
     0 | D:1      | 0 ||| qw: Allow faded altars: false
     0 | D:1      | 0 ||| qw: Do Orc after D:15 true
     0 | D:1      | 0 ||| qw: Do second Lair branch before Depths: true
     0 | D:1      | 0 ||| qw: Lair rune preference: random
     0 | D:1      | 0 ||| qw: Plans: Normal, Zot:1-4, God:TSO, Crypt, Tomb,
                  | Pan, Slime:5, Hells, Abyss, Orb
     0 | D:1      | 0 ||| PLANNING D:1-11
   485 | D:1      | Reached XP level 2. HP: 19/19 MP: 2/2
   780 | D:1      | 780 ||| UPGRADING to +0 pair of gloves.
   785 | D:1      | 785 ||| READING 2 scrolls labelled EDA XE YSOERE.
   790 | D:1      | 790 ||| READING scroll labelled AMUOKHA UKAA.
   791 | D:1      | 791 ||| READING scroll labelled CUIDWIMNUY.
   892 | D:1      | 892 ||| READING scroll labelled VONEWE CIF TIJ.
   893 | D:1      | 893 ||| READING scroll labelled IKICUY EBBIN.
   894 | D:1      | 894 ||| READING scroll labelled PALACR GAOGECO.
   895 | D:1      | 895 ||| READING scroll labelled MIDETU CIGRI.
  1071 | D:2      | Found Diukosos's Magic Scroll Shop.
  1078 | D:2      | 1078 ||| SHOPLISTING 3 scrolls of enchant weapon (292 gold,
                  | have 67).
  1078 | D:2      | 1078 ||| SHOPLISTING 3 scrolls of identify (78 gold, have
                  | 67).
  1078 | D:2      | 1078 ||| SHOPLISTING scroll of enchant armour (97 gold,
                  | have 67).
  1078 | D:2      | 1078 ||| BUYING scroll of identify (26 gold).
  1078 | D:2      | Bought a scroll of identify for 26 gold pieces
  1078 | D:2      | 1078 ||| BUYING scroll of identify (26 gold).
  1078 | D:2      | Bought a scroll of identify for 26 gold pieces
  1078 | D:2      | 1078 ||| SHOPLISTING scroll of teleportation (39 gold, have
                  | 15).
  1216 | D:2      | Reached skill level 3 in Axes
  1237 | D:2      | Reached XP level 3. HP: 23/23 MP: 3/3
  1249 | D:2      | Identified the +6 dagger "Jesi" {vamp, rN+}
  1405 | D:2      | Found a sparkling altar of Nemelex Xobeh.
  1572 | D:2      | 1572 ||| UPGRADING to +1 kite shield of poison resistance.
  1582 | D:2      | 1582 ||| DROPPING +0 buckler.
  1583 | D:2      | 1583 ||| READING scroll labelled SUSAHI ROI.
  1584 | D:2      | 1584 ||| READING scroll labelled QUSTIM SOSIHOPH.
  1585 | D:2      | 1585 ||| DRINKING 2 bubbling golden potions.
  1686 | D:2      | 1686 ||| DRINKING 3 silvery potions.
  1687 | D:2      | 1687 ||| READING 3 scrolls of identify.
  1687 | D:2      | 1687 ||| IDENTIFYING sedimented orange potion
  1688 | D:2      | 1688 ||| READING 2 scrolls of identify.
  1688 | D:2      | 1688 ||| IDENTIFYING orange potion
  1689 | D:2      | 1689 ||| DROPPING potion of degeneration.
  1690 | D:2      | 1690 ||| DROPPING potion of ambrosia.
  1691 | D:2      | 1691 ||| DROPPING 2 potions of brilliance.
  1719 | D:3      | 1719 ||| STAIRDANCE
  1838 | D:3      | Slain by a gnoll

Levels and vault maps discovered:
D:1:      eino_arrival_druids_welcome, layout_loops_ring
D:2:      layout_loops_ring, serial_shops, nicolae_shop_statue_plus,
          basic_altar, chequers_serial_rivers_large_b
D:3:      lemuel_castle_with_subvaults [lemuel_castle_interior_original],
          layout_rooms, demons_altar, serial_shops, nicolae_diamond_shop,
          dreamdust_ecumenical_altar_drowned_temple

Skill      XL: |  1  2 |
---------------+-------+-----
Axes           | 2 3 |  3.2
Fighting       | |  3.2
Armour         | |  3.2
Shields        | |  3.5

Action                   || total
-------------------------++-------
Melee: War axe           ||    72
Throw: Boomerang         ||    45
  Use: Scroll            ||    11
       Potion            ||     2
Armor: Scale mail        ||    24
Dodge: Dodged            ||    44
Block: Buckler           ||    13
       Kite shield       ||     7

Table legend:
 A = Non-vault XP
 B = Vault XP
 C = Vault XP percentage of total XP
 D = Non-vault monster count
 E = Vault monster count
 F = Vault count percentage of total count
                 A         B        C        D         E       F
            +---------+---------+-------+---------+---------+-------
      Total |      56 |       2 |   3.4 |      27 |       1 |   3.6
            +---------+---------+-------+---------+---------+-------
        D:1 |      17 |       0 |   0.0 |      11 |       0 |   0.0
        D:2 |      30 |       0 |   0.0 |      11 |       0 |   0.0
        D:3 |       9 |       2 |  18.2 |       5 |       1 |  16.7
            +---------+---------+-------+---------+---------+-------
